 Dungeon Crawl Stone Soup version 0.21-a0-361-g4efd3f9 (webtiles) character file.

26 owls the Cudgeler (level 3, -3/22 HPs)
             Began as a Gargoyle Gladiator on Oct 13, 2017.
             Slain by a gnoll
             ... wielding a +0 halberd
              (11 damage)
             ... on level 1 of the Dungeon.
             The game lasted 00:01:19 (914 turns).

owls the Cudgeler (Gargoyle Gladiator)               Turns: 914, Time: 00:01:20

Health: -3/22      AC:  7    Str: 18    XL:     3   Next: 8%
Magic:  3/3        EV: 11    Int:  8    God:
Gold:   79         SH:  0    Dex: 11    Spells: 2/2 levels left

rFire    . . .     SeeInvis .   a - +0 flail
rCold    . . .     Gourm    .   (no shield)
rNeg     + . .     Faith    .   b - +0 leather armour
rPois    ∞         Spirit   .   c - +0 helmet
rElec    +         Reflect  .   (no cloak)
rCorr    .         Harm     .   (no gloves)
MR       .....                  (no boots)
Stlth    +.........             (no amulet)
HPRegen  0.07/turn              (no ring)
MPRegen  0.08/turn              (no ring)

@: heavily drained
A: negative energy resistance 1, electricity resistance, unbreathing,
petrification resistance, rot immunity, AC +3
a: no special abilities


You were on level 1 of the Dungeon.
You were not hungry.

You visited 1 branch of the dungeon, and saw 1 of its levels.

You collected 79 gold pieces.

Inventory:

Hand Weapons
 a - a +0 flail (weapon)
Missiles
 d - 3 throwing nets (quivered)
Armour
 b - a +0 leather armour (worn)
 c - a +0 helmet (worn)
Jewellery
 m - an uncursed amulet of harm
Scrolls
 e - a scroll of fog {unknown}
 g - a scroll of remove curse
 h - a scroll of blinking {unknown}
 j - a scroll of noise {unknown}
 k - a scroll of identify
Potions
 i - 3 potions of curing
 l - a potion of mutation
Comestibles
 f - a bread ration


   Skills:
 + Level 2.8(1.2) Fighting
 * Level 3.8(2.2) Maces & Flails
 - Level 1.7(0.2) Throwing
 - Level 2.4(0.8) Dodging


You had 2 spell levels left.
You didn't know any spells.

Dungeon Overview and Level Annotations

Branches:
Dungeon (1/15)

Altars:


Innate Abilities, Weirdness & Mutations

You are resistant to torment.
Your stone body is resilient. (AC +3)
You are immune to poison.
You resist negative energy. (rN+)
You are resistant to electric shocks. (rElec)
You can survive without breathing.
You are immune to petrification.
You are immune to rotting.


Message History

You kill the giant cockroach!
You hit the ooze but do no damage. The ooze hits you but does no damage.
The gnoll closely misses you. The ooze barely misses you.
You hit the ooze but do no damage.
The gnoll hits you from afar with a halberd!
The ooze barely misses you.
You are too injured to fight recklessly!
You are too injured to fight recklessly!
You are too injured to fight recklessly!
The leopard gecko closely misses you. The leopard gecko barely misses you.
The leopard gecko bites you but does no damage.
The leopard gecko closely misses you. The leopard gecko barely misses you.
The leopard gecko bites you. The ooze hits you but does no damage.
The gnoll hits you from afar with a halberd.
The gnoll hits you from afar with a halberd!
Ouch! That really hurt!
You die...

..................###
#........(
.........##.........#
#.........
.........##.........#
#########.
##+#+######.........#
#. ......##.........#
## #.............##
#...........K..#
####.##...........g..#
.....##.........@J...#
########'########l...#
.........# #....#
#.#.###### #....#
#.#.# #....# #.#.#
#....# #.#.# #....#
#.#.# #....# #.#.#
######


You could see a gnoll, an ooze, a leopard gecko and a kobold.

Vanquished Creatures
  2 dart slugs (D:1)
  A giant cockroach (D:1)
  2 goblins (D:1)
  6 jackals (D:1)
  3 kobolds (D:1)
  2 bats (D:1)
  2 frilled lizards (D:1)
  5 rats (D:1)
23 creatures vanquished.

Notes
Turn   | Place    | Note
-------+----------+-------------------------------------------
     0 | D:1      | owls the Gargoyle Gladiator began the quest for the Orb.
     0 | D:1      | Reached XP level 1. HP: 12/12 MP: 1/1
    67 | D:1      | Reached XP level 2. HP: 10/18 MP: 2/2
   750 | D:1      | Reached XP level 3. HP: 17/22 MP: 3/3
   914 | D:1      | Slain by a gnoll

Vault maps used:
D:1:      erik_arrival_cave_to_civilisation, corner_web_ring

Action                   || total
-------------------------++-------
Melee: Flail             ||    79
  Use: Scroll            ||     3
Armor: Leather armour    ||    41
Dodge: Dodged            ||    76

Table legend:
 A = Spawn XP
 B = Non-spawn XP
 C = Spawn XP percentage of total XP
 D = Spawn monster count
 E = Non-spawn monster count
 F = Spawn count percentage of total count
 G = Total turns spent on level
                    A         B        C        D         E        F      G
               +---------+---------+-------+---------+---------+-------+---------
         Total |       0 |      38 |   0.0 |       0 |      23 |   0.0 |   914
               +---------+---------+-------+---------+---------+-------+---------
           D:1 |       0 |      38 |   0.0 |       0 |      23 |   0.0 |   914
               +---------+---------+-------+---------+---------+-------+---------
